TOP OF THE 1ST |
Erie Jaxx batting - Pitching for Manhatten Meatheads : RHP Daniel Carter
|
Pitching: RHP Daniel Carter
|
|
Batting: SHB Giel Molendijk
|
0-0: Called Strike 0-1: Ball 1-1: Called Strike 1-2: Ball 2-2: Fly out, F3 (Line Drive, 34)
|
Batting: SHB José Durango
|
0-0: Ball 1-0: Called Strike 1-1: Swinging Strike 1-2: Ball 2-2: Ball 3-2: Strikes out looking
|
Batting: SHB Michael Field
|
0-0: Called Strike 0-1: Ball 1-1: Ball 2-1: Called Strike 2-2: Ground out 4-3 (Groundball, 4S)
|
Top of the 1st over - 0 run(s), 0 hit(s), 0 error(s), 0 left on base; Erie 0 - Manhatten 0 |
BOTTOM OF THE 1ST |
Manhatten Meatheads batting - Pitching for Erie Jaxx : LHP Scott McCullough
|
Pitching: LHP Scott McCullough
|
|
Batting: SHB Cornell Payne
|
0-0: Ball 1-0: Called Strike 1-1: Foul Ball, location: 2F 1-2: Ground out 1-3 (Groundball, 13S)
|
Batting: RHB Denver Baker
|
0-0: Ball 1-0: Ball 2-0: Ground out 6-3 (Groundball, 6)
|
Batting: RHB José Esparza
|
0-0: Ball 1-0: Called Strike 1-1: Called Strike 1-2: Foul Ball, location: 2F 1-2: Ball 2-2: Ball 3-2: Base on Balls
|
Batting: RHB Adrián López
|
0-0: Called Strike 0-1: Ball 1-1: Called Strike José Esparza steals 2nd base 1-2: DOUBLE (Line Drive, 78M) José Esparza scores
|
Batting: LHB Robbie Turner
|
0-0: Foul Ball, location: 2F 0-1: Swinging Strike 0-2: Ball 1-2: Strikes out swinging
|
Bottom of the 1st over - 1 run(s), 1 hit(s), 0 error(s), 1 left on base; Erie 0 - Manhatten 1 |
TOP OF THE 2ND |
Erie Jaxx batting - Pitching for Manhatten Meatheads : RHP Daniel Carter
|
Batting: LHB Jim Knight
|
0-0: Ground out 5-3 (Groundball, 56)
|
Batting: RHB Andrés Silva
|
0-0: Called Strike 0-1: Fly out, F7 (Line Drive, 7)
|
Batting: RHB Ángel Serrano
|
0-0: Called Strike 0-1: Ball 1-1: Foul Ball, location: 2F 1-2: SINGLE (Groundball, 56D)
|
Batting: RHB Edgardo Castro
|
0-0: Ball 1-0: Swinging Strike 1-1: Fly out, F9 (Line Drive, 9LM)
|
Top of the 2nd over - 0 run(s), 1 hit(s), 0 error(s), 1 left on base; Erie 0 - Manhatten 1 |
BOTTOM OF THE 2ND |
Manhatten Meatheads batting - Pitching for Erie Jaxx : LHP Scott McCullough
|
Batting: RHB Ramiro Santana
|
0-0: Foul Ball, location: 2F 0-1: Ball 1-1: Foul Ball, location: 2F 1-2: Strikes out swinging
|
Batting: SHB José Sousa
|
0-0: Ground out 6-3 (Groundball, 6)
|
Batting: SHB António Ramírez
|
0-0: Ball 1-0: Foul Ball, location: 2F 1-1: Ball 2-1: Swinging Strike 2-2: Foul Ball, location: 2F 2-2: Strikes out swinging
|
Bottom of the 2nd over - 0 run(s), 0 hit(s), 0 error(s), 0 left on base; Erie 0 - Manhatten 1 |
TOP OF THE 3RD |
Erie Jaxx batting - Pitching for Manhatten Meatheads : RHP Daniel Carter
|
Batting: RHB Cássio Cardenas
|
0-0: Called Strike 0-1: SOLO HOME RUN (Flyball, 7LD), Distance : 356 ft
|
Batting: RHB Guaspar Vasche
|
0-0: Ball 1-0: Ball 2-0: Called Strike 2-1: Ball 3-1: Foul Ball, location: 2F 3-2: Base on Balls
|
Batting: SHB Giel Molendijk
|
0-0: Ball 1-0: Called Strike 1-1: Called Strike 1-2: Foul Ball, location: 2F 1-2: Strikes out looking
|
Batting: SHB José Durango
|
0-0: Called Strike 0-1: Ball 1-1: Swinging Strike 1-2: DOUBLE (Line Drive, 9LM) Guaspar Vasche to third Runner from 3rd tries for Home, SAFE, throw made home
|
Batting: SHB Michael Field
|
0-0: Called Strike 0-1: Fly out, F7 (Flyball, 7D) Runner from 2nd tags up, SAFE at 3rd, no throw
|
Batting: LHB Jim Knight
|
0-0: Ball 1-0: Swinging Strike 1-1: Swinging Strike 1-2: Strikes out looking
|
Top of the 3rd over - 2 run(s), 2 hit(s), 0 error(s), 1 left on base; Erie 2 - Manhatten 1 |
BOTTOM OF THE 3RD |
Manhatten Meatheads batting - Pitching for Erie Jaxx : LHP Scott McCullough
|
Batting: LHB Miguel Pérez
|
0-0: Called Strike 0-1: Swinging Strike 0-2: Foul Ball, location: 2F 0-2: Ball 1-2: Ball 2-2: Strikes out swinging
|
Batting: SHB Cornell Payne
|
0-0: Foul Ball, location: 2F 0-1: Ball 1-1: Ball 2-1: Ground out 4-3 (Groundball, 4M)
|
Batting: RHB Denver Baker
|
0-0: Foul Ball, location: 2F 0-1: Ball 1-1: Ball 2-1: Ball 3-1: Called Strike 3-2: Strikes out swinging
|
Bottom of the 3rd over - 0 run(s), 0 hit(s), 0 error(s), 0 left on base; Erie 2 - Manhatten 1 |
TOP OF THE 4TH |
Erie Jaxx batting - Pitching for Manhatten Meatheads : RHP Daniel Carter
|
Batting: RHB Andrés Silva
|
0-0: Ball 1-0: Swinging Strike 1-1: Swinging Strike 1-2: Strikes out swinging
|
Batting: RHB Ángel Serrano
|
0-0: Ball 1-0: Swinging Strike 1-1: Ball 2-1: Foul Ball, location: 2F 2-2: Fly out, F8 (Flyball, 8RS)
|
Batting: RHB Edgardo Castro
|
0-0: Foul Ball, location: 2F 0-1: Ball 1-1: Ball 2-1: Ball 3-1: Base on Balls
|
Batting: RHB Cássio Cardenas
|
0-0: Ball 1-0: Ball 2-0: Ball 3-0: Base on Balls Edgardo Castro to second
|
Batting: RHB Guaspar Vasche
|
0-0: Called Strike 0-1: Swinging Strike 0-2: Strikes out swinging
|
Top of the 4th over - 0 run(s), 0 hit(s), 0 error(s), 2 left on base; Erie 2 - Manhatten 1 |
BOTTOM OF THE 4TH |
Manhatten Meatheads batting - Pitching for Erie Jaxx : LHP Scott McCullough
|
Batting: RHB José Esparza
|
0-0: Called Strike 0-1: Ball 1-1: Ball 2-1: Ball 3-1: Ground out 4-3 (Groundball, 4M)
|
Batting: RHB Adrián López
|
0-0: SOLO HOME RUN (Flyball, 7D), Distance : 389 ft
|
Batting: LHB Robbie Turner
|
0-0: Ball 1-0: SINGLE (Groundball, 34D)
|
Batting: RHB Ramiro Santana
|
0-0: Called Strike 0-1: SINGLE (Line Drive, 4D) Robbie Turner to second
|
Batting: SHB José Sousa
|
0-0: Grounds into double play, 6-4-3 (Groundball, 6)
|
Bottom of the 4th over - 1 run(s), 3 hit(s), 0 error(s), 1 left on base; Erie 2 - Manhatten 2 |
TOP OF THE 5TH |
Erie Jaxx batting - Pitching for Manhatten Meatheads : RHP Daniel Carter
|
Batting: SHB Giel Molendijk
|
0-0: Foul Ball, location: 2F 0-1: Foul Ball, location: 2F 0-2: Ground out U3 (Groundball, 3S)
|
Batting: SHB José Durango
|
0-0: Foul Ball, location: 2F 0-1: Ball 1-1: Ball 2-1: Foul Ball, location: 2F 2-2: Ball 3-2: SINGLE (Line Drive, 9LS)
|
Batting: SHB Michael Field
|
0-0: Ball 1-0: Ball 2-0: Called Strike 2-1: Fly out, F9 (Flyball, 9)
|
Batting: LHB Jim Knight
|
0-0: Ground out 1-3 (Groundball, 13)
|
Top of the 5th over - 0 run(s), 1 hit(s), 0 error(s), 1 left on base; Erie 2 - Manhatten 2 |
BOTTOM OF THE 5TH |
Manhatten Meatheads batting - Pitching for Erie Jaxx : LHP Scott McCullough
|
Batting: SHB António Ramírez
|
0-0: Called Strike 0-1: Ball 1-1: Foul Ball, location: 2F 1-2: Fly out, F5 (Popup, 56)
|
Batting: LHB Miguel Pérez
|
0-0: Called Strike 0-1: Ball 1-1: Fly out, F7 (Flyball, 7S)
|
Batting: SHB Cornell Payne
|
0-0: Called Strike 0-1: Ball 1-1: Called Strike 1-2: SINGLE (Groundball, 34) (infield hit)
|
Batting: RHB Denver Baker
|
0-0: Called Strike 0-1: Called Strike 0-2: Strikes out swinging
|
Bottom of the 5th over - 0 run(s), 1 hit(s), 0 error(s), 1 left on base; Erie 2 - Manhatten 2 |
TOP OF THE 6TH |
Erie Jaxx batting - Pitching for Manhatten Meatheads : RHP Daniel Carter
|
Batting: RHB Andrés Silva
|
0-0: Called Strike 0-1: Swinging Strike 0-2: Ball 1-2: Strikes out looking
|
Pitching: RHP Robinson Ramírez
|
|
Batting: RHB Ángel Serrano
|
0-0: Ball 1-0: Foul Ball, location: 2F 1-1: Ball 2-1: Fly out, F4 (Flyball, 4D)
|
Batting: RHB Edgardo Castro
|
0-0: Ball 1-0: Called Strike 1-1: Swinging Strike 1-2: Ball 2-2: Ground out 4-3 (Groundball, 4)
|
Top of the 6th over - 0 run(s), 0 hit(s), 0 error(s), 0 left on base; Erie 2 - Manhatten 2 |
BOTTOM OF THE 6TH |
Manhatten Meatheads batting - Pitching for Erie Jaxx : LHP Scott McCullough
|
Batting: RHB José Esparza
|
0-0: Ball 1-0: Foul Ball, location: 2F 1-1: Ball 2-1: Foul Ball, location: 2F 2-2: SINGLE (Groundball, 34D)
|
Batting: RHB Adrián López
|
0-0: Fly out, F7 (Flyball, 7LM)
|
Batting: LHB Robbie Turner
|
0-0: Ball 1-0: Ball José Esparza steals 2nd base 2-0: Ball 3-0: Called Strike 3-1: Foul Ball, location: 2F 3-2: Strikes out looking
|
Pitching: LHP Jason Dean
|
|
Batting: RHB Ramiro Santana
|
0-0: Ball 1-0: Ground out 6-3 (Groundball, 6S)
|
Bottom of the 6th over - 0 run(s), 1 hit(s), 0 error(s), 1 left on base; Erie 2 - Manhatten 2 |
TOP OF THE 7TH |
Erie Jaxx batting - Pitching for Manhatten Meatheads : RHP Robinson Ramírez
|
Batting: RHB Cássio Cardenas
|
0-0: Ball 1-0: Swinging Strike 1-1: Ball 2-1: Ball 3-1: Base on Balls
|
Batting: RHB Guaspar Vasche
|
0-0: Bunted foul 0-1: Bunted foul 0-2: Fly out, F7 (Flyball, 7)
|
Pinch Hitting: LHB Josh Pérez
|
0-0: Ball 1-0: Called Strike 1-1: Swinging Strike 1-2: Ball 2-2: Strikes out looking
|
Batting: SHB José Durango
|
0-0: Ball 1-0: SINGLE (Groundball, 4MD) Cássio Cardenas to second
|
Batting: SHB Michael Field
|
0-0: Called Strike 0-1: Called Strike 0-2: Ball 1-2: Fly out, F8 (Flyball, 8RS)
|
Top of the 7th over - 0 run(s), 1 hit(s), 0 error(s), 2 left on base; Erie 2 - Manhatten 2 |
BOTTOM OF THE 7TH |
Manhatten Meatheads batting - Pitching for Erie Jaxx : LHP Jason Dean
|
Now in CF: Josh Pérez
|
|
Batting: SHB José Sousa
|
0-0: Ball 1-0: Ball 2-0: Foul Ball, location: 2F 2-1: Swinging Strike 2-2: Ball 3-2: Strikes out looking
|
Batting: SHB António Ramírez
|
0-0: Ground out 6-3 (Groundball, 6)
|
Batting: LHB Miguel Pérez
|
0-0: Called Strike 0-1: Foul Ball, location: 2F 0-2: Ground out 3-1 (Groundball, 34)
|
Bottom of the 7th over - 0 run(s), 0 hit(s), 0 error(s), 0 left on base; Erie 2 - Manhatten 2 |
TOP OF THE 8TH |
Erie Jaxx batting - Pitching for Manhatten Meatheads : RHP Robinson Ramírez
|
Batting: LHB Jim Knight
|
0-0: Ball 1-0: Foul Ball, location: 2F 1-1: Ball 2-1: Ball 3-1: Foul Ball, location: 2F 3-2: Foul Ball, location: 2F 3-2: Strikes out swinging
|
Batting: RHB Andrés Silva
|
0-0: Called Strike 0-1: SINGLE (Line Drive, 4D)
|
Batting: RHB Ángel Serrano
|
0-0: Foul Ball, location: 2F 0-1: Ball 1-1: SINGLE (Line Drive, 9S) Andrés Silva to second
|
Batting: RHB Edgardo Castro
|
0-0: Called Strike 0-1: Reached on error, E5 (Groundball, 56S) Andrés Silva to third Ángel Serrano to second
|
Batting: RHB Cássio Cardenas
|
0-0: Foul Ball, location: 2F 0-1: Ball 1-1: Foul Ball, location: 2F 1-2: Foul Ball, location: 2F 1-2: Foul Ball, location: 2F 1-2: Ball 2-2: Grounds into fielders choice 4-2 (Groundball, 4) Ángel Serrano to third Edgardo Castro to second
|
Pinch Hitting: RHB William Wilson
|
0-0: Called Strike 0-1: Ball 1-1: Ball 2-1: Foul Ball, location: 2F 2-2: Strikes out looking
|
Top of the 8th over - 0 run(s), 2 hit(s), 1 error(s), 3 left on base; Erie 2 - Manhatten 2 |
BOTTOM OF THE 8TH |
Manhatten Meatheads batting - Pitching for Erie Jaxx : LHP Jason Dean
|
Now at 2B: Cristián Cauozos
|
|
Batting: SHB Cornell Payne
|
0-0: Ball 1-0: Ball 2-0: Called Strike 2-1: Ball 3-1: Swinging Strike 3-2: Strikes out swinging
|
Batting: RHB Denver Baker
|
0-0: Swinging Strike 0-1: Ball 1-1: Fly out, F9 (Flyball, 9)
|
Pinch Hitting: RHB Craig Chapman
|
0-0: Ball 1-0: Ball 2-0: Ball 3-0: Base on Balls
|
Batting: RHB Adrián López
|
0-0: Called Strike 0-1: Ball 1-1: Fly out, F7 (Flyball, 7S)
|
Bottom of the 8th over - 0 run(s), 0 hit(s), 0 error(s), 1 left on base; Erie 2 - Manhatten 2 |
TOP OF THE 9TH |
Erie Jaxx batting - Pitching for Manhatten Meatheads : RHP Robinson Ramírez
|
Pitching: LHP Aaron Gibbs
|
|
Now in LF: Craig Chapman
|
|
Batting: LHB Josh Pérez
|
0-0: Ball 1-0: Called Strike 1-1: Called Strike 1-2: Foul Ball, location: 2F 1-2: Ball 2-2: Strikes out swinging
|
Batting: SHB José Durango
|
0-0: Ball 1-0: Foul Ball, location: 2F 1-1: Called Strike 1-2: Foul Ball, location: 2F 1-2: Strikes out swinging
|
Batting: SHB Michael Field
|
0-0: Foul Ball, location: 2F 0-1: SINGLE (Groundball, 6MD)
|
Batting: LHB Jim Knight
|
0-0: Ball 1-0: Ball 2-0: Called Strike 2-1: Ball 3-1: Base on Balls Michael Field to second
|
Batting: RHB Andrés Silva
|
0-0: Called Strike 0-1: Ball 1-1: Swinging Strike 1-2: Ball 2-2: Foul Ball, location: 2F 2-2: Strikes out swinging
|
Top of the 9th over - 0 run(s), 1 hit(s), 0 error(s), 2 left on base; Erie 2 - Manhatten 2 |
BOTTOM OF THE 9TH |
Manhatten Meatheads batting - Pitching for Erie Jaxx : LHP Jason Dean
|
Batting: LHB Robbie Turner
|
0-0: Ball 1-0: Reached on error, E3 (Groundball, 3S)
|
Batting: RHB Ramiro Santana
|
0-0: Foul Ball, location: 2F 0-1: Ball 1-1: SINGLE (Groundball, 3D) Robbie Turner to third Runner from 3rd tries for Home, SAFE, no throw
|
Thursday, March 30th, 2017 - OOTP Baseball 17.12 Build 75
|
|